 Dungeon Crawl Stone Soup version 0.30-a0-715-gdb4ae3ece1 (webtiles) character file.

Game seed: 11015372368600845729

304 acebull12 the Chopper (level 6, 0/52 HPs)
             Began as a Minotaur Fighter on Jan 24, 2023.
             Slain by a kobold brigand
             ... wielding a +0 dagger
              (6 damage)
             ... in a sewer.
             The game lasted 00:05:07 (2221 turns).

acebull12 the Chopper (Minotaur Fighter)            Turns: 2221, Time: 00:05:08

Health: 0/52       AC:  8    Str: 23    XL:     6   Next: 15%
Magic:  5/5        EV:  9    Int:  5    God:
Gold:   240        SH:  4    Dex:  9    Spells: 5/5 levels left

rFire   . . .      SeeInvis .    a - +0 war axe
rCold   . . .      Faith    .    c - +0 buckler
rNeg    . . .      Spirit   .    b - +0 scale mail
rPois   .          Reflect  .    (helmet restricted)
rElec   .          Harm     .    (no cloak)
rCorr   .          Rampage  .    e - +0 pair of gloves
Will    .....                    (no boots) Stlth
                                 (no amulet)
HPRegen 0.28/turn                (no ring)
MPRegen 0.09/turn                (no ring)

@: no status effects
A: horns 2, retaliatory headbutt
a: no special abilities


You were in a sewer.
You visited 1 branch of the dungeon, and saw 4 of its levels.
You also visited: Sewer.

You collected 240 gold pieces.

Inventory:

Hand Weapons
 a - a +0 war axe (weapon)
Missiles
 i - 44 stones (quivered)
 q - 2 javelins
Armour
 b - a +0 scale mail (worn)
 c - a +0 buckler (worn)
 e - a +0 pair of gloves (worn)
Jewellery
 h - a ring of ice
 l - a +6 ring of intelligence
 m - a +6 ring of strength
Scrolls
 k - 3 scrolls of fear {unknown}
 o - 3 scrolls of teleportation {unknown}
 p - a scroll of enchant weapon {unknown}
 r - a scroll of amnesia {unknown}
 t - a scroll of fog {unknown}
 u - a scroll of identify {unknown}
Potions
 d - 2 potions of might
 f - a potion of flight {unknown}
 g - a potion of cancellation {unknown}
 j - a potion of lignification {unknown}
 n - 2 potions of magic {unknown}
 s - a potion of degeneration {unknown}
 v - a potion of haste {unknown}


   Skills:
 + Level 4.2 Fighting
 * Level 6.0 Axes
 * Level 4.9 Armour
 + Level 0.5 Dodging
 * Level 4.5 Shields


You had 5 spell levels left.
You didn't know any spells.
Your spell library contained the following spells:

 Spells                   Type           Power      Damage    Failure   Level
 Shock                    Conj/Air       0%         1d3       86%         1
 Blink                    Tloc           0%         N/A       94%         2
 Swiftness                Air            0%         N/A       99%         3
 Airstrike                Air            0%         2d(0-16)  100%        4
 Manifold Assault         Tloc           0%         N/A       100%        4
 Storm Form               Tmut/Air       0%         N/A       100%        7


Dungeon Overview and Level Annotations

Branches:
Dungeon (4/15)              Sewer (1/1)
 Temple: D:4-7

Altars:


Innate Abilities, Weirdness & Mutations

You have a pair of horns on your head.
You reflexively headbutt those who attack you in melee.


Message History

You block the kobold's attack.
You closely miss the kobold brigand.
The kobold brigand is moderately wounded.
You hit the kobold brigand but do no damage.
You hit the kobold but do no damage.
You feel sick.
The kobold brigand hits you with a +0 dagger.
The kobold brigand barely misses you. You block the kobold's attack.
You barely miss the kobold brigand.
The kobold brigand is moderately wounded.
You hit the kobold brigand. You slash the kobold!
You kill the kobold!
You feel sick.
The kobold brigand hits you with a +0 dagger.
The kobold brigand closely misses you.
You are too injured to fight recklessly!
You miss the kobold brigand. You headbutt the kobold brigand.
The kobold brigand is heavily wounded.
You closely miss the kobold brigand.
You feel sick.
The kobold brigand hits you with a +0 dagger. x2
The kobold brigand hits you but does no damage.
The kobold brigand hits you with a +0 dagger.
* * * LOW HITPOINT WARNING * * *
You hit the kobold brigand.
The kobold brigand is heavily wounded.
You closely miss the kobold brigand.
You feel sick.
The kobold brigand hits you but does no damage. x2
You barely miss the kobold brigand.
Your headbutt misses the kobold brigand.
The kobold brigand is heavily wounded.
You hit the kobold brigand.
You feel sick.
The kobold brigand hits you but does no damage.
The kobold brigand barely misses you.
You hit the kobold brigand.
The kobold brigand is severely wounded.
You barely miss the kobold brigand.
You feel sick.
You are no longer poisoned.
The kobold brigand hits you with a +0 dagger.
* * * LOW HITPOINT WARNING * * *
The kobold brigand hits you with a +0 dagger.
You die...

#.....~~~#~≈~#P~..##
##....P~~#~≈~#....##
#..P...~#~~~#.....#
#......P#~≈~#.....#
#.......#~≈~#P~~..#
##...~.~#~≈~#~~...#
#...~~~#~≈~#~~P..#
###..~~#~≈~~~~~..#
##''##~~~##K@###
#)...#~≈~#.)K)#
#.)..### #?..!#
#..∩.# #.∩..# #....#
#...!# ###### ######


You could see 2 kobold brigands.

Vanquished Creatures
  A black bear (D:3)
  An orc priest (D:3)
  An iguana (D:4)
  Robin (D:2)
  4 adders
  2 worms
  A dart slug (D:1)
  8 orcs
  3 bats
  8 endoplasms
  3 giant cockroaches
  12 goblins
  7 hobgoblins
  6 jackals
  15 kobolds
  A quokka (D:4)
  6 ball pythons
  4 frilled lizards
  6 rats
90 creatures vanquished.

Vanquished Creatures (others)
  5 fungi (D:4)
  8 plants
13 creatures vanquished.

Grand Total: 103 creatures vanquished

Notes
Turn   | Place    | Note
-------+----------+-------------------------------------------
     0 | D:1      | acebull12 the Minotaur Fighter began the quest for the Orb.
     0 | D:1      | Reached XP level 1. HP: 19/19 MP: 0/0
   290 | D:1      | Reached XP level 2. HP: 27/27 MP: 1/1
   710 | D:2      | Noticed Robin
   714 | D:2      | Reached skill level 3 in Axes
   715 | D:2      | Reached XP level 3. HP: 32/33 MP: 2/2
   723 | D:2      | Killed Robin
  1294 | D:2      | Reached skill level 4 in Axes
  1294 | D:2      | Reached XP level 4. HP: 23/40 MP: 3/3
  1576 | D:3      | Reached XP level 5. HP: 46/46 MP: 4/4
  1595 | D:3      | Noticed a black bear
  1603 | D:3      | Killed a black bear
  1604 | D:3      | Reached skill level 5 in Axes
  1982 | D:4      | Reached XP level 6. HP: 52/52 MP: 5/5
  2052 | D:4      | Found a glowing drain.
  2067 | Sewer    | Entered a sewer
  2085 | Sewer    | Reached skill level 6 in Axes
  2221 | Sewer    | Slain by a kobold brigand

Illustrated notes

Levels and vault maps discovered:
D:1:      tarquinn_simple_flora_water_f, layout_loops_cross
D:2:      layout_basic, uniq_robin
D:3:      layout_rooms, reono_crystal_passage
D:4:      layout_cave_pools, tgw_fedhas, temple_hall, ebering_ghost_sewer_f,
          portal_sewer_entry_b, chequers_serial_rivers_small_a, uniq_duvessa
Sewer:    kennysheep_pipe_town

Skill      XL: |  1  2  3  4  5  6 |
---------------+-------------------+-----
Armour         | 4 |  4.9
Shields        | 4 |  4.5
Axes           | 3 4 5 6 |  6.0
Fighting       | 4 |  4.2
Dodging        | |  0.5

Action                     |  1- 3 |  4- 6 || total
---------------------------+-------+-------++-------
  Melee: War axe           |    76 |    84 ||   160
         Headbutt          |     7 |    14 ||    21
 Armour: Scale mail        |    49 |    45 ||    94
  Dodge: Dodged            |    40 |    43 ||    83
  Block: Buckler           |    15 |    26 ||    41

Table legend: (Time is in decaauts)
 A = Elapsed time spent in this place.
 B = Non-inter-level travel time spent in this place.
 C = Inter-level travel time spent in this place.
 D = Time resting spent in this place.
 E = Time spent auto-exploring this place.
 F = Levels seen in this place.
 G = Mean time per level.
                   A        B        C        D        E       F      G
               +--------+--------+--------+--------+--------+-----+--------+
         Total |   2293 |   2151 |    142 |     83 |   1489 |   5 |  458.6 |
       Dungeon |   2119 |   1977 |    142 |     83 |   1395 |   4 |  529.8 |
         Sewer |    173 |    173 |      0 |      0 |     94 |   1 |  173.0 |
               +--------+--------+--------+--------+--------+-----+--------+

Top non-repeatable levels by time:
     D:2: 794 daAuts
     D:1: 696 daAuts
     D:3: 507 daAuts
   Sewer: 173 daAuts
     D:4: 120 daAuts
